 Dungeon Crawl Stone Soup version 0.31-a0-175-g9f7f995f2b (webtiles) character file.

Game seed: 3202661751116512647

2467 pokeman the Thaumaturge (level 9, -2/49 HPs)
             Began as a Deep Elf Hedge Wizard on June 16, 2023.
             Killed from afar by Maggie (14 damage)
             ... with a bolt of fire
             ... on level 7 of the Dungeon.
             The game lasted 00:15:03 (6273 turns).

pokeman the Thaumaturge (Deep Elf Hedge Wizard)     Turns: 6273, Time: 00:15:03

Health: -2/49      AC:  7    Str: 14    XL:     9   Next: 26%
Magic:  2/26       EV: 12    Int: 21    God:
Gold:   474        SH:  0    Dex: 14    Spells: 22/30 levels left

rFire   + . .        u - +7 hand axe "Cuggoyb" {freeze, rCorr Str+7 Int-3}
rCold   . . .        (no shield)
rNeg    . . .        F - +1 leather armour {rPois}
rPois   +            c - +0 hat
rElec   .            (no cloak)
rCorr   +            p - +1 pair of gloves
SInv    .            w - +0 pair of boots
Will    .....        (no amulet)
Stlth   ++           e - ring of protection from fire
HPRegen 0.28/turn    g - ring of wizardry
MPRegen 0.20/turn

%: wizardry (x1)
@: mesmerised
A: no striking features
a: no special abilities


You were on level 7 of the Dungeon.
You visited 1 branch of the dungeon, and saw 7 of its levels.

You collected 474 gold pieces.

Inventory:

Hand Weapons
 u - the +7 hand axe "Cuggoyb" (weapon) {freeze, rCorr Str+7 Int-3}
   (You found it on level 4 of the Dungeon)

   Str:       It affects your strength (+7).
   Int:       It affects your intelligence (-3).
   rCorr:     It protects you from acid and corrosion.
Armour
 c - a +0 hat (worn)
 p - a +1 pair of gloves (worn)
 w - a +0 pair of boots (worn)
 F - a +1 leather armour of poison resistance (worn)
Jewellery
 e - a ring of protection from fire (left hand)
 g - a ring of wizardry (right hand)
 y - a ring of fire
Wands
 h - a wand of paralysis (6)
 E - a wand of flame (9)
Scrolls
 a - a scroll of brand weapon {unknown}
 i - a scroll of amnesia {unknown}
 k - a scroll of noise {unknown}
 m - 2 scrolls of fear {unknown}
 q - 3 scrolls of identify {unknown}
 r - 3 scrolls of immolation {unknown}
 t - a scroll of vulnerability {unknown}
 v - a scroll of fog {unknown}
 B - 2 scrolls of enchant armour {unknown}
 C - a scroll of enchant weapon {unknown}
 D - a scroll of poison {unknown}
Potions
 b - a potion of brilliance {unknown}
 d - a potion of magic
 f - a potion of mutation {unknown}
 j - 2 potions of heal wounds {unknown}
 l - 2 potions of attraction {unknown}
 n - 2 potions of lignification {unknown}
 o - 3 potions of curing {unknown}
 s - a potion of might
 x - 2 potions of enlightenment {unknown}
 z - 2 potions of degeneration {unknown}
 A - 2 potions of berserk rage {unknown}


   Skills:
 + Level 2.5 Fighting
 - Level 3.2 Armour
 - Level 3.0 Dodging
 - Level 3.0 Stealth
 * Level 11.2 Spellcasting
 + Level 6.1 Conjurations
 + Level 5.1 Summonings
 - Level 1.1 Translocations
 - Level 1.0 Air Magic
 - Level 1.0 Poison Magic
 - Level 1.0 Evocations


You had 22 spell levels left.
You knew the following spells:

 Your Spells              Type           Power      Damage    Failure   Level
a - Magic Dart            Conj           100%       1d8       1%          1
b - Mephitic Cloud        Conj/Pois/Air  23%        N/A       2%          3
c - Call Imp              Summ           66%        N/A       1%          2
d - Blink                 Tloc           32%        N/A       2%          2

Your spell library contained the following spells:

 Spells                   Type           Power      Damage    Failure   Level
 Apportation              Tloc           32%        N/A       1%          1
 Summon Small Mammal      Summ           100%       N/A       1%          1
 Freeze                   Ice            44%        1d6       2%          1
 Necrotise                Necr           44%        1d6       2%          1
 Slow                     Hex            44%        N/A       2%          1
 Hailstorm                Conj/Ice       24%        3d7       2%          3
 Cigotuvi's Dreadful Rot  Necr/Pois/Air  28%        N/A       3%          2
 Sublimation of Blood     Necr           11%        N/A       4%          2
 Frozen Ramparts          Ice            22%        1d4       9%          3
 Ozocubu's Armour         Ice            11%        N/A       9%          3
 Irradiate                Conj/Tmut      12%        3d15      22%         5
 Petrify                  Tmut/Erth      11%        N/A       26%         4
 Metabolic Englaciation   Hex/Ice        5%         N/A       58%         5
 Simulacrum               Ice/Necr       5%         N/A       98%         6


Dungeon Overview and Level Annotations

Branches:
Dungeon (7/15)
 Temple: D:4-7

Altars:
Elyvilon
Kikubaaqudgha
Nemelex Xobeh
Ru
The Shining One

Shops:
D:3 ((

Annotations:
D:7 Maggie


Message History

Maggie gestures wildly while chanting.
Maggie attempts to bespell you!
You are mesmerised by Maggie!
There is a stone staircase leading up, spattered with blood here.
You cannot move away from Maggie!
Casting: Call Imp (safe; 1% risk of failure)
Confirm with . or Enter, or press ? or * to list all spells.
Aiming: Mephitic Cloud (dangerous; 2% risk of failure)
Press: ? - help, Shift-Dir - straight line, f - gnoll
Aim: a gnoll, wielding a +0 spear (heavily wounded, wandering, hasn't noticed you, chance to affect: 91%)
Okay, then.
Unknown command.
Aiming: Throw Flame
Press: ? - help, Shift-Dir - straight line, f - gnoll
Aim: a gnoll, wielding a +0 spear (heavily wounded, wandering, hasn't noticed you, 72% to hit)
The puff of flame hits the gnoll!
You kill the gnoll!
Unknown command.
Aiming: Throw Flame
Press: ? - help, Shift-Dir - straight line, f - two-headed ogre
Aim: a two-headed ogre, wielding two +0 giant clubs (85% to hit)
The puff of flame hits the two-headed ogre.
The two-headed ogre is lightly wounded.
Maggie says, "Have you seen any dragons?"
Unknown command.
Casting: Mephitic Cloud (dangerous; 2% risk of failure)
Confirm with . or Enter, or press ? or * to list all spells.
Aiming: Mephitic Cloud (dangerous; 2% risk of failure)
Press: ? - help, Shift-Dir - straight line, p - two-headed ogre The ball explodes into a vile cloud!
The stinking cloud engulfs the two-headed ogre but does no damage.
The two-headed ogre is lightly wounded.
The two-headed ogre is engulfed in noxious fumes.
Unknown command.
Unknown command.
The two-headed ogre is engulfed in noxious fumes.
The two-headed ogre appears confused.
Maggie gestures at you while chanting. The bolt of fire hits you! You resist.
You die...

#.......## #.......
##........## #.....D#
#..........###....##.
##..........##...####.
#...##)..)..#.#..#....
#####.............##....##
..##.....##...†[........[....
...#.....###.....##.##h.......
..........#..@.☼○.#......#....
.....##.#.....O○☼##.....#....
#.............○..#........##
##......#...................
#......###....@............
###...## #..#..............
##.#...##....#.....#........
#....#.###..##.....###......
#......#...###.#...##.......


You could see Maggie (mesmerising) and a two-headed ogre (confused).

Vanquished Creatures
  A wraith (D:6)
  A steam dragon (D:7)
  A water moccasin (D:6)
  A black bear (D:5)
  2 ogres
  4 lemures (D:7)
  2 phantoms
  3 scorpions
  A wight (D:6)
  3 howler monkeys (D:7)
  3 jellies
  2 gnoll boudas
  4 hounds
  A sleepcap (D:5)
  2 iguanas
  5 orc wizards
  A hound zombie (D:3)
  A hound skeleton (D:3)
  A howler monkey zombie (D:3)
  11 gnolls
  4 adders
  2 shadow imps (D:7)
  An ufetubus (D:6)
  3 worms
  A dart slug (D:2)
  16 orcs
  6 ball pythons
  6 bats
  6 endoplasms
  3 giant cockroaches
  5 goblins
  7 hobgoblins
  3 jackals (D:4)
  4 kobolds
  5 quokkas
  A ball python zombie (D:3)
  2 frilled lizards (D:3)
  A jackal skeleton (D:3)
  A quokka zombie (D:3)
  6 rats
133 creatures vanquished.

Vanquished Creatures (collateral kills)
  Pikel (D:7)
  An ice beast (D:5)
  A gnoll (D:6)
3 creatures vanquished.

Grand Total: 136 creatures vanquished

Notes
Turn   | Place    | Note
-------+----------+-------------------------------------------
     0 | D:1      | pokeman the Deep Elf Hedge Wizard began the quest for the
                  | Orb.
     0 | D:1      | Reached XP level 1. HP: 10/10 MP: 7/7
   255 | D:1      | Reached XP level 2. HP: 16/16 MP: 9/9
   818 | D:2      | Reached skill level 5 in Spellcasting
   824 | D:2      | Reached XP level 3. HP: 16/20 MP: 5/11
   829 | D:2      | Learned a level 3 spell: Mephitic Cloud
   832 | D:2      | Learned a level 2 spell: Blink
   835 | D:2      | Learned a level 2 spell: Call Imp
   981 | D:2      | Reached skill level 1 in Fighting
  1036 | D:2      | Reached skill level 1 in Armour
  1723 | D:3      | Reached XP level 4. HP: 25/25 MP: 8/13
  1882 | D:3      | Found Rokaoq's Weapon Shop.
  2120 | D:3      | Found an ancient bone altar of Kikubaaqudgha.
  2130 | D:3      | Found a sacrificial altar of Ru.
  2160 | D:3      | Found Ycysiste's Antique Weapon Emporium.
  2199 | D:3      | Found a white marble altar of Elyvilon.
  2281 | D:3      | Found a faded altar of an unknown god.
  2368 | D:3      | Reached skill level 6 in Spellcasting
  2539 | D:4      | Reached XP level 5. HP: 16/29 MP: 7/15
  2728 | D:4      | Identified the +7 hand axe "Cuggoyb" {freeze, rCorr Str+7
                  | Int-3}
  3282 | D:4      | Found a sparkling altar of Nemelex Xobeh.
  3473 | D:5      | Entered Level 5 of the Dungeon
  3481 | D:5      | Noticed an ice beast
  3534 | D:4      | Reached skill level 1 in Air Magic
  3648 | D:5      | Killed an ice beast
  3649 | D:5      | Reached skill level 7 in Spellcasting
  3649 | D:5      | Reached XP level 6. HP: 17/34 MP: 14/18
  3676 | D:5      | Reached skill level 1 in Poison Magic
  3676 | D:5      | Reached skill level 1 in Evocations
  4103 | D:5      | Reached XP level 7. HP: 38/38 MP: 14/20
  4185 | D:5      | Reached skill level 8 in Spellcasting
  4990 | D:6      | Reached XP level 8. HP: 44/44 MP: 13/22
  5016 | D:6      | Reached skill level 9 in Spellcasting
  5360 | D:6      | Found a glowing golden altar of the Shining One.
  5635 | D:6      | Reached skill level 5 in Conjurations
  5838 | D:7      | Noticed Maggie
  5839 | D:7      | Reached skill level 10 in Spellcasting
  6191 | D:7      | Noticed Pikel
  6247 | D:7      | Reached XP level 9. HP: 21/48 MP: 2/25
  6249 | D:7      | Noticed a two-headed ogre
  6251 | D:7      | Killed Pikel
  6252 | D:7      | Reached skill level 11 in Spellcasting
  6252 | D:7      | Reached skill level 5 in Summonings
  6273 | D:7      | Killed from afar by Maggie

Illustrated notes

Levels and vault maps discovered:
D:1:      co_arrival_square_in_a_square_in_a_square, layout_basic
D:2:      layout_basic
D:3:      layout_basic, mainiacjoe_overflow_surrounded_room,
          chequers_temple_overflow_statue_of_worship, serial_undead,
          serial_undead_d, serial_undead_c, serial_undead_f, serial_undead_d,
          ebering_ecumenical_altar_ruins, serial_shops, shop,
          nicolae_shop_statue_plus
D:4:      layout_loops_cross, nemelex_dance_club_becter, serial_rivers,
          chequers_serial_rivers_micro_d, chequers_serial_rivers_small_3,
          chequers_serial_rivers_room_a, chequers_serial_rivers_micro_c,
          chequers_serial_rivers_large_b
D:5:      layout_loops_ring
D:6:      layout_rooms, tso_oasis_becter
D:7:      layout_cave_pools, zin_angel, okawaru_ov_weapons_minmay,
          minmay_temple_entry_gardened_gates, kennysheep_generic_room_9,
          uniq_maggie, uniq_crazy_yiuf_cottage, uniq_pikel

Skill      XL: |  1  2  3  4  5  6  7  8  9 |
---------------+----------------------------+-----
Spellcasting   | 5 6 7 8 10 11 | 11.2
Fighting       | 1 2 |  2.5
Armour         | 1 3 |  3.2
Conjurations   | 2 3 4 5 6 |  6.1
Dodging        | 3 |  3.0
Stealth        | 3 |  3.0
Air Magic      | 1 |  1.0
Poison Magic   | 1 |  1.0
Evocations     | 1 |  1.0
Summonings     | 3 4 5 |  5.1
Translocations | |  1.1

Action                     |  1- 3 |  4- 6 |  7- 9 || total
---------------------------+-------+-------+-------++-------
  Melee: Hand axe          |       |    27 |    72 ||    99
         Punch             |       |     1 |     1 ||     2
   Fire: Sling             |    33 |    46 |       ||    79
   Cast: Magic Dart        |    55 |    89 |   113 ||   257
         Mephitic Cloud    |     1 |     4 |    26 ||    31
         Call Imp          |       |     5 |     6 ||    11
         Blink             |       |     2 |     9 ||    11
  Evoke: Wand              |       |       |     8 ||     8
   Stab: Confused          |       |     2 |    12 ||    14
         Sleeping          |       |     2 |       ||     2
         Paralysed         |       |       |     5 ||     5
 Armour: Robe              |     6 |       |       ||     6
         Leather armour    |     2 |    42 |    31 ||    75
  Dodge: Dodged            |    21 |    67 |    68 ||   156

Table legend: (Time is in decaauts)
 A = Elapsed time spent in this place.
 B = Non-inter-level travel time spent in this place.
 C = Inter-level travel time spent in this place.
 D = Time resting spent in this place.
 E = Time spent auto-exploring this place.
 F = Levels seen in this place.
 G = Mean time per level.
                   A        B        C        D        E       F      G
               +--------+--------+--------+--------+--------+-----+--------+
         Total |   6445 |   6280 |    165 |    345 |   4744 |   7 |  920.7 |
       Dungeon |   6445 |   6280 |    165 |    345 |   4744 |   7 |  920.7 |
               +--------+--------+--------+--------+--------+-----+--------+

Top non-repeatable levels by time:
     D:6: 1259 daAuts
     D:4: 1190 daAuts
     D:5: 1091 daAuts
     D:2: 970 daAuts
     D:3: 797 daAuts
     D:1: 761 daAuts
     D:7: 373 daAuts
